 Dungeon Crawl Stone Soup version 0.28-a0-915-gcd63401287 (webtiles) character file.

Game seed: 15672836315856471606

291 kae the Ruffian (level 6, -7/50 HPs)
             Began as a Draconian Transmuter on Nov 25, 2021.
             Was an Initiate of Wu Jian.
             Mangled by an orc warrior (14 damage)
             ... on level 5 of the Dungeon.
             The game lasted 00:03:17 (5991 turns).

kae the Ruffian (Draconian Transmuter)              Turns: 5991, Time: 00:03:18

Health: -7/50      AC:  2    Str: 13    XL:     6   Next: 10%
Magic:  7/10       EV: 19    Int: 15    God:    Wu Jian [......]
Gold:   162        SH:  0    Dex: 16    Spells: 2/10 levels left

rFire   . . .      SeeInvis .     - Unarmed
rCold   . . .      Faith    .   (shield currently unavailable)
rNeg    . . .      Spirit   .   (armour unavailable)
rPois   x          Reflect  .   (helmet currently unavailable)
rElec   .          Harm     .   (cloak currently unavailable)
rCorr   .          Rampage  .   (gloves currently unavailable)
Will    .....                   (boots currently unavailable)
Stlth   +.........              (no amulet)
HPRegen 0.16/turn               (no ring)
MPRegen 0.12/turn               (no ring)

@: spider-form
A: venomous fangs, AC +6, tiny, unfitting armour, (cold-blooded)
a: End Transformation, Renounce Religion


You were on level 5 of the Dungeon.
You worshipped Wu Jian.
Wu Jian was noncommittal.
You were a venomous arachnid creature.
You visited 2 branches of the dungeon, and saw 6 of its levels.

You collected 162 gold pieces.

Inventory:

Jewellery
 d - a ring of fire
Scrolls
 b - a scroll of blinking
 h - 2 scrolls of fog
 i - 2 scrolls of teleportation
Potions
 a - a potion of curing
 c - a potion of ambrosia
 e - a potion of attraction
 f - a potion of flight {unknown}


   Skills:
 + Level 2.5 Fighting
 + Level 2.6 Dodging
 * Level 4.2 Unarmed Combat
 + Level 2.8 Spellcasting
 * Level 3.4 Transmutations
 * Level 0.3 Ice Magic
 - Level 2.0 Poison Magic


You had 2 spell levels left.
You knew the following spells:

 Your Spells              Type           Power      Damage    Failure   Level
a - Beastly Appendage     Tmut           24%        N/A       14%         1
b - Spider Form           Tmut/Pois      10%        N/A       41%         3
c - Ice Form              Ice/Tmut       7%         N/A       85%         4

Your spell library contained the following spells:

 Spells                   Type           Power      Damage    Failure   Level
 Wereblood                Tmut           12%        N/A       21%         2
 Slow                     Hex            8%         N/A       41%         1
 Confusing Touch          Hex            2%         N/A       73%         3
 Tukima's Dance           Hex            2%         N/A       73%         3
 Vampiric Draining        Necr           2%         2d6       73%         3
 Passage of Golubria      Tloc           2%         N/A       97%         4
 Yara's Violent Unravell  Hex/Tmut       3%         3d4       99%         5
 Freezing Cloud           Conj/Ice/Air   1%         6-21      100%        5
 Simulacrum               Ice/Necr       1%         N/A       100%        6
 Polar Vortex             Ice            1%         N/A       100%        9


Dungeon Overview and Level Annotations

Branches:
Dungeon (5/15)             Temple (1/1) D:4

Altars:
Ashenzari
Cheibriados
Dithmenos
Elyvilon
Fedhas
Gozag
Makhleb
Nemelex Xobeh
Qazlal
Uskayaw
Vehumet
Wu Jian
Yredelemnul
Zin
The Shining One


Innate Abilities, Weirdness & Mutations

You are a venomous arachnid creature.
You have poisonous fangs.
You are tiny and dextrous.
Your spellcasting is less reliable in this form.
Your armour is entirely melded.
You are incapable of wielding weapons or throwing items.
((Your plain brown scales are hard. (AC +6)))
You cannot fit into any form of body armour.
((You are cold-blooded and may be slowed by cold attacks.))


Message History

There are monsters nearby!
You hit the orc.
The orc is almost dead.
The orc barely misses you.
The orc warrior hits you with a +0 war axe.
The orc misses you.
The orc wizard mumbles some strange words.
The orc wizard flickers and vanishes!
Deactivating autopickup; reactivate with Ctrl-A.
You punch the orc!
You kill the orc!
The Council accepts your kill. The orc hits you with a +0 hand axe.
The orc warrior barely misses you.
Something hits the fungus.
There are monsters nearby!
A nearby fungus withers and dies. x2
The orc warrior hits you with a +0 war axe.
Casting: Beastly Appendage (safe; 4% risk of failure)
Confirm with . or Enter, or press ? or * to list all spells.
You turn into a venomous arachnid creature.
The orc warrior misses you.
The orc warrior hits you with a +0 war axe!
There are monsters nearby!
You hit the orc warrior.
The orc warrior is lightly wounded.
The orc warrior completely misses you.
You barely miss the orc warrior.
The orc warrior is lightly wounded.
The orc warrior completely misses you.
You barely miss the orc warrior.
The orc warrior is lightly wounded.
The orc warrior hits you with a +0 war axe!
You bite the orc warrior!
The orc warrior is heavily wounded.
The orc warrior hits you with a +0 war axe!
* * * LOW HITPOINT WARNING * * *
You hit the orc warrior but do no damage.
The orc warrior is heavily wounded.
The orc warrior hits you with a +0 war axe!
You die...

### ###
##.#########.#
#............#
##)#########.#
#.# #.# #)#
#.# #.# #.#
#.# #s# #.#
#o# #.# ###{##
#.# #..o.# #.#
#....# # #.#
#....#######.#
#.#
#.....†......
#.#
#....####..##
#.#
#......##..#


You could see an orc warrior and an orc.

Vanquished Creatures
  A centaur skeleton (D:4)
  2 orc priests
  A hound (D:4)
  2 iguanas (D:4)
  4 gnolls
  An ufetubus (D:4)
  A dart slug (D:5)
  5 orcs
  5 ball pythons
  6 endoplasms
  3 giant cockroaches (D:1)
  9 goblins
  5 hobgoblins
  7 jackals
  4 quokkas
  6 bats
  4 frilled lizards
  2 kobolds
  7 rats
75 creatures vanquished.

Vanquished Creatures (others)
  2 fungi (D:5)
  14 plants (D:4)
16 creatures vanquished.

Grand Total: 91 creatures vanquished

Notes
Turn   | Place    | Note
-------+----------+-------------------------------------------
     0 | D:1      | kae the Draconian Transmuter began the quest for the Orb.
     0 | D:1      | Reached XP level 1. HP: 16/16 MP: 3/3
   187 | D:1      | Reached XP level 2. HP: 22/23 MP: 3/5
  1081 | D:2      | Reached XP level 3. HP: 17/28 MP: 4/6
  1303 | D:1      | Learned a level 3 spell: Spider Form
  1525 | D:2      | Found a shadowy altar of Dithmenos.
  1651 | D:2      | Found a faded altar of an unknown god.
  2018 | D:3      | HP: 1/29 [poisoned by a goblin]
  2723 | D:2      | Reached XP level 4. HP: 20/36 MP: 4/7
  3174 | D:2      | Reached skill level 1 in Poison Magic
  3852 | D:4      | Found a staircase to the Ecumenical Temple.
  3866 | D:4      | Reached XP level 5. HP: 18/41 MP: 2/8
  3873 | Temple   | Entered the Ecumenical Temple
  4416 | Temple   | Became a worshipper of the Wu Jian Council
  4651 | D:4      | Reached skill level 4 in Unarmed Combat
  4826 | D:4      | Found a white marble altar of Elyvilon.
  5073 | D:4      | Found a stormy altar of Qazlal.
  5191 | D:4      | Learned a level 4 spell: Ice Form
  5670 | D:5      | Entered Level 5 of the Dungeon
  5734 | D:5      | Reached XP level 6. HP: 24/50 MP: 4/10
  5970 | D:5      | Noticed an orc warrior
  5991 | D:5      | Mangled by an orc warrior

Illustrated notes

Levels and vault maps discovered:
D:1:      dpeg_arrival_round_c, layout_loops_ring
D:2:      layout_basic, basic_altar, shapermc_ecumenical_altar_notcrosses
D:3:      layout_loops_cross
D:4:      layout_layer_cave, nicolae_qazlal_eye_of_the_storm, elyvilon_altar_5,
          minmay_temple_entry_proselytizer, serial_bayou, serial_bayou_shore_a,
          serial_bayou_lagoon_a, serial_bayou_lagoon_b, serial_bayou_crossing,
          serial_bayou_ford_a, serial_bayou_pond_e
D:5:      layout_basic, mainiacjoe_overflow_big_doors,
          nicolae_kikubaaqudgha_miasma_corner, roderic_roman_lattice, uniq_pikel
Temple:   minmay_temple_forest_path

Skill      XL: |  1  2  3  4  5 |
---------------+----------------+-----
Dodging        | 2 |  2.6
Poison Magic   | 1 2 |  2.0
Fighting       | 2 |  2.5
Transmutations | 3 |  3.4
Unarmed Combat | 4 |  4.2
Spellcasting   | |  2.8
Ice Magic      | |  0.3

Action                   |  1- 3 |  4- 6 || total
-------------------------+-------+-------++-------
Melee: Unarmed           |   119 |    98 ||   217
       Kick              |     7 |     6 ||    13
       Headbutt          |    12 |     2 ||    14
       Tailslap          |     8 |     6 ||    14
 Cast: Beastly Appendage |    28 |     3 ||    31
       Spider Form       |     1 |    14 ||    15
Invok: Lunge             |       |     1 ||     1
  Use: Scroll            |     4 |     6 ||    10
 Stab: Sleeping          |     1 |       ||     1
Armor: Skin              |    41 |    12 ||    53
Dodge: Dodged            |   105 |    92 ||   197

Table legend: (Time is in decaauts)
 A = Elapsed time spent in this place.
 B = Non-inter-level travel time spent in this place.
 C = Inter-level travel time spent in this place.
 D = Time resting spent in this place.
 E = Time spent auto-exploring this place.
 F = Levels seen in this place.
 G = Mean time per level.
                   A        B        C        D        E       F      G
               +--------+--------+--------+--------+--------+-----+--------+
         Total |   6012 |   5835 |    177 |    346 |   4824 |   6 | 1002.0 |
       Dungeon |   5444 |   5312 |    132 |    346 |   4315 |   5 | 1088.8 |
        Temple |    567 |    522 |     45 |      0 |    509 |   1 |  567.0 |
               +--------+--------+--------+--------+--------+-----+--------+

Top non-repeatable levels by time:
     D:4: 1486 daAuts
     D:2: 1315 daAuts
     D:1: 1270 daAuts
     D:3: 1053 daAuts
  Temple: 567 daAuts
     D:5: 318 daAuts
